 Dungeon Crawl Stone Soup version 0.13.0-26-gf7ffa3a (webtiles) character file.

101 Grandi the Magician (level 3, -1/22 HPs)
             Began as a Human Wizard on Oct 30, 2013.
             Slain by an adder (3 damage)
             ... on Level 2 of the Dungeon.
             The game lasted 00:07:14 (1512 turns).

Grandi the Magician (Human Wizard)                  Turns: 1512, Time: 00:07:14

HP  -1/22        AC  2     Str  7      XL: 3   Next: 22%
MP   4/9         EV 12     Int 19      God:
Gold 75          SH  0     Dex 11      Spells:  3 memorised,  3 levels left

Res.Fire  : . . .   See Invis. : .   l - +2,+0 dagger
Res.Cold  : . . .   Warding    : .   a - +0 robe
Life Prot.: . . .   Conserve   : .   (no shield)
Res.Poison: .       Res.Corr.  : .   b - +0 wizard hat
Res.Elec. : .       Clarity    : .   (no cloak)
Sust.Abil.: . .     Spirit.Shd : .   (no gloves)
Res.Mut.  : .       Stasis     : .   (no boots)
Res.Rott. : .       Flight     : .   (no amulet)
Saprovore : . . .                    (no ring)
                                     (no ring)

@: mildly poisoned, very slightly contaminated, not resistant to hostile
enchantments, fairly stealthy
A: no striking features
a: no special abilities


You were on level 2 of the Dungeon.
You were not hungry.

You visited 1 branch of the dungeon, and saw 2 of its levels.

You collected 55 gold pieces.

Inventory:

Hand weapons
 l - a +2,+0 dagger (weapon)
 q - a +2,+2 dagger
Missiles
 o - 4 darts (quivered)
 r - 7 darts of frost
Armour
 a - a +0 robe (worn)
 b - a +0 wizard hat (worn)
 n - a +2 leather armour
Comestibles
 d - a bread ration
 f - a choko
 g - a pear
 m - a rotting chunk of worm flesh
Scrolls
 e - a scroll of recharging {unknown}
 h - a scroll of curse weapon {unknown}
 i - a scroll of identify {unknown}
 k - a scroll of remove curse {unknown}
Potions
 j - a potion of heal wounds {unknown}
 p - 4 potions of curing {unknown}
 s - a potion of might {unknown}
Books
 c - a book of Minor Magic

   Spells                             Type                      Level
   *Magic Dart                        Conjuration                  1
   *Blink                             Translocation                2
   *Call Imp                          Summoning                    2
   Repel Missiles                     Charms/Air                   2
   Slow                               Hexes                        2
   Conjure Flame                      Conjuration/Fire             3
   Mephitic Cloud                     Conjuration/Poison/Air       3


   Skills:
 + Level 0.2 Fighting
 + Level 2.7 Dodging
 + Level 2.0 Stealth
 + Level 3.4 Spellcasting
 + Level 1.1 Conjurations
 + Level 1.0 Summonings
 + Level 1.0 Translocations


You had 3 spell levels left.
You knew the following spells:

 Your Spells              Type           Power        Failure   Level  Hunger
a - Magic Dart            Conj           #...         12%         1    None
b - Blink                 Tloc           N/A          17%         2    ##.....
c - Call Imp              Summ           #.........   17%         2    ##.....


Dungeon Overview and Level Annotations

Branches:
Dungeon (2/27)

Altars:


Message History

Your brain hurts!
The adder bites you.
* * * LOW HITPOINT WARNING * * *
The adder bites you.
* * * LOW HITPOINT WARNING * * *
Your crimson imp completely misses the adder.
Casting: Call Imp
Confirm with . or Enter, or press ? or * to list all spells.
You miscast Call Imp.
Nothing appears to happen.
The adder bites you.
* * * LOW HITPOINT WARNING * * *
Your crimson imp blinks!
The adder bites you but does no damage.
* * * LOW HITPOINT WARNING * * *
You feel sick. The adder closely misses you.
* * * LOW HITPOINT WARNING * * *
You feel sick.
Your crimson imp disappears in a puff of smoke!
* * * LOW HITPOINT WARNING * * *
You feel sick. The adder bites you.
You die...

####+## #.....#
#.....##+##### ...
#............# ......#
#....(.......# ......#
#............# ......#
#.......@....#
......###.......S#####
......#.').......#
......#.#..).....#
......#%#........#
......#.########.#
.##.###.# #.#
........# #.#
###.##### #.#


You could see an adder.

Vanquished Creatures
  2 giant cockroaches (D:1)
  3 goblins
  4 kobolds (D:1)
  A ball python (D:1)
  6 bats (D:1)
  3 giant newts (D:1)
  5 rats
24 creatures vanquished.

Vanquished Creatures (collateral kills)
  A worm (D:2)
1 creature vanquished.

Grand Total: 25 creatures vanquished

Notes
Turn   | Place    | Note
--------------------------------------------------------------
     0 | D:1      | Grandi, the Human Wizard, began the quest for the Orb.
     0 | D:1      | Reached XP level 1. HP: 11/11 MP: 5/5
   219 | D:1      | Reached XP level 2. HP: 7/17 MP: 0/7
   959 | D:1      | Reached XP level 3. HP: 16/22 MP: 9/9
   963 | D:1      | Learned a level 2 spell: Blink
   966 | D:1      | Learned a level 2 spell: Call Imp
  1512 | D:2      | Slain by an adder

Action                   || total
-------------------------++-------
Melee: Unarmed           ||     5
       Dagger            ||    37
 Cast: Magic Dart        ||    26
       Call Imp          ||     2
 Stab: Sleeping          ||     1
